 Dungeon Crawl Stone Soup version 0.19.3-4-gbf9329e (webtiles) character file.

5639 Oxelix the Bludgeoner (level 10, -4/77 HPs)
             Began as a Mottled Draconian Berserker on Jan 29, 2017.
             Was an Elder of Trog.
             Slain by an orc warrior
             ... wielding a +0 glaive
              (21 damage)
             ... on level 8 of the Dungeon.
             The game lasted 00:29:30 (7726 turns).

Oxelix the Bludgeoner (Mottled Draconian Berserker) Turns: 7726, Time: 00:29:30

Health: -4/77      AC: 10    Str: 23      XL:     10   Next: 46%
Magic:  10/10      EV: 13    Int:  6 (7)  God:    Trog [****..]
Gold:   450        SH:  0    Dex: 13 (15) Spells: 0 memorised, 9 levels left

rFire  . . .     SeeInvis .     s - +0 flail
rCold  . . .     Gourm    .     (armour unavailable)
rNeg   . . .     Faith    .     (no shield)
rPois  .         Spirit   .     (helmet restricted)
rElec  .         Reflect  .     (no cloak)
rCorr  .         Harm     +     h - +2 pair of gloves
MR     ++...     Rnd*Rage +     (no boots)
Stlth  +.........               p - amulet of harm
                                (no ring)
                                (no ring)

@: exhausted, regenerating, slowed, very slow
A: breathe sticky flame splash, unfitting armour, agile 2, berserk 1,
deterioration 1, cold-blooded, AC +7
a: Breathe Sticky Flame, Berserk, Trog's Hand, Brothers in Arms, Burn
Spellbooks, Renounce Religion


You were on level 8 of the Dungeon.
You worshipped Trog.
Trog was greatly pleased with you.
You were very hungry.

You visited 1 branch of the dungeon, and saw 8 of its levels.

You collected 450 gold pieces.

Inventory:

Hand Weapons
 a - a +1 mace
 s - a +0 flail (weapon)
 t - a +0 whip
 v - a +2 whip of flaming
Armour
 h - a +2 pair of gloves (worn)
Jewellery
 f - an uncursed amulet of rage
 p - an amulet of harm (around neck)
Wands
 m - a wand of iceblast (9/15)
Scrolls
 c - a scroll of teleportation
 e - 9 scrolls of identify
 g - a scroll of magic mapping
 i - a scroll of amnesia
 q - a scroll of blinking
 w - a scroll of remove curse
 y - a scroll of holy word {unknown}
Potions
 j - 3 potions of lignification
 r - 2 potions of magic
 u - 2 potions of haste
Comestibles
 b - 10 bread rations
 d - a slice of pizza
 k - 3 fruits
 l - 2 beef jerkies
 n - 7 meat rations
 o - 6 chunks of flesh


   Skills:
 - Level 3.2 Fighting
 * Level 15.1 Maces & Flails
 - Level 2.6 Dodging


You had 9 spell levels left.
You didn't know any spells.

Dungeon Overview and Level Annotations

Branches:
Dungeon (8/15)             Temple (0/1) D:5
   Lair: D:8-11

Altars:
Cheibriados
Kikubaaqudgha
Okawaru
Sif Muna
Trog
Xom
The Shining One


Innate Abilities, Weirdness & Mutations

You can spit globs of burning liquid.
You can ignite nearby creatures when you spit burning liquid.
Your weird mottled scales are hard. (AC +7)
You cannot fit into any form of body armour.
You are cold-blooded and may be slowed by cold attacks.
You are very agile. (Dex +4)
You tend to lose your temper in combat.
Your body sometimes deteriorates upon taking damage.


Message History

You thump the orc priest!
The orc priest is almost dead.
The orc warrior closely misses you. The orc priest closely misses you.
You hit the orc priest.
You kill the orc priest!
Trog accepts your kill. The orc warrior misses you.
An orc wizard comes into view. It is wielding a dagger.
The orc wizard shouts!
The orc warrior hits you with a glaive!
* * * LOW HITPOINT WARNING * * *
Your body deteriorates!
You feel clumsy. The orc closely misses you.
Items here: ))) [ †† The orc warrior hits you but does no damage.
You sock the orc!
You kill the orc!
Trog accepts your kill.
The orc warrior hits you from afar with a glaive!!
You die...

########
.......######
.#####.#....######
................>#
.######..#.)#<##.#
.# #.....#.##.# .#
#..####.##.# ##
#.......##.# .
######..<..####@#
... ##......#<#.#
#)##.....
§...##..#...#
#oo......
§...##.>....#
#.o......
§§..##.###..#
#........ §§..##.
...# #.##.....
§§§.# ..## ##.#
..... §...# ....
#### ....######
.....


You could see an orc warrior, an orc wizard and an orc.

Vanquished Creatures
  The ghost of reezer the Cudgeler, a novice TrBe of Trog (D:5)
  Pikel (D:5)
  A hill giant (D:8)
  The ghost of fatfloppyjuicyveiny the Spear-Bearer, a novice OpBe of Trog (D:4)
  Sigmund (D:4)
  A wyvern (D:7)
  Eustachio (D:6)
  3 yaks (D:7)
  Menkaure (D:6)
  2 orc warriors (D:7)
  An ice beast (D:7)
  A sky beast (D:6)
  A phantom (D:5)
  A centaur (D:8)
  6 ogres
  6 bullfrogs
  4 scorpions
  5 killer bees (D:5)
  A howler monkey (D:6)
  3 crimson imps
  A bullfrog zombie (D:7)
  A quasit (D:8)
  A jelly (D:6)
  2 orc priests
  5 hounds
  4 orc wizards
  A centaur skeleton (D:6)
  Ijyb (D:3)
  2 iguanas
  5 worker ants
  3 hound skeletons
  2 worker ant zombies (D:5)
  12 adders
  A gnoll (D:7)
  A howler monkey skeleton (D:7)
  A shadow imp (D:8)
  3 oozes
  A worm (D:5)
  A dart slug (D:1)
  9 leopard geckos
  24 orcs
  6 giant cockroaches
  5 goblins
  4 hobgoblins
  8 jackals
  6 kobolds
  3 quokkas
  4 ball pythons
  2 bats
  5 frilled lizards
  5 rats
171 creatures vanquished.

Vanquished Creatures (others)
  5 dream sheep (D:7)
5 creatures vanquished.

Grand Total: 176 creatures vanquished

Notes
Turn   | Place    | Note
-------+----------+-------------------------------------------
     0 | D:1      | Oxelix the Draconian Berserker began the quest for the Orb.
     0 | D:1      | Reached XP level 1. HP: 19/19 MP: 1/1
   165 | D:1      | Reached XP level 2. HP: 26/26 MP: 2/2
   427 | D:1      | Reached skill level 4 in Maces & Flails
   797 | D:2      | Reached XP level 3. HP: 31/31 MP: 3/3
  1113 | D:2      | Gained mutation: Your body sometimes deteriorates upon taking damage. [potion of mutation]
  1113 | D:2      | Gained mutation: You are agile. (Dex +2) [potion of mutation]
  1113 | D:2      | Gained mutation: You tend to lose your temper in combat. [potion of mutation]
  1135 | D:2      | Reached ** piety under Trog
  1455 | D:3      | Found an iron altar of Okawaru.
  1473 | D:3      | Noticed Ijyb
  1478 | D:3      | Reached skill level 5 in Maces & Flails
  1478 | D:3      | Reached XP level 4. HP: 26/38 MP: 4/4
  1481 | D:3      | Killed Ijyb
  2138 | D:4      | Reached XP level 5. HP: 43/45 MP: 5/5
  2146 | D:4      | Noticed an ogre
  2151 | D:4      | Killed an ogre
  2151 | D:4      | Reached skill level 6 in Maces & Flails
  2153 | D:4      | Noticed an ogre
  2161 | D:4      | Killed an ogre
  2161 | D:4      | Reached skill level 7 in Maces & Flails
  2161 | D:4      | Reached XP level 6. HP: 17/51 MP: 6/6
  2383 | D:4      | Noticed fatfloppyjuicyveiny's ghost (novice OpBe)
  2490 | D:4      | Killed fatfloppyjuicyveiny's ghost
  2490 | D:4      | Reached skill level 8 in Maces & Flails
  2490 | D:4      | Your scales start taking on a weird mottled colour.
  2490 | D:4      | Reached XP level 7. HP: 11/57 MP: 7/7
  2776 | D:4      | Noticed Sigmund
  2791 | D:5      | Entered Level 5 of the Dungeon
  2837 | D:5      | Reached skill level 9 in Maces & Flails
  2883 | D:5      | HP: 2/57 [poisoned by a killer bee]
  3121 | D:4      | Killed Sigmund
  3329 | D:4      | You fall through a shaft!
  3362 | D:5      | Reached XP level 8. HP: 63/63 MP: 8/8
  3369 | D:5      | Noticed reezer's ghost (novice TrBe)
  3392 | D:5      | Killed reezer's ghost
  3392 | D:5      | Reached skill level 11 in Maces & Flails
  4172 | D:5      | Reached *** piety under Trog
  4244 | D:5      | Found a staircase to the Ecumenical Temple.
  4244 | D:5      | Noticed Pikel
  4253 | D:5      | Killed Pikel
  4253 | D:5      | Reached skill level 12 in Maces & Flails
  4253 | D:5      | Reached XP level 9. HP: 70/70 MP: 9/9
  4663 | D:6      | Gained mutation: You are very agile. (Dex +4) [potion of beneficial mutation]
  4752 | D:6      | Found a glowing golden altar of the Shining One.
  4793 | D:6      | Noticed Eustachio
  4800 | D:6      | Killed Eustachio
  4878 | D:6      | Noticed Menkaure
  4896 | D:6      | Killed Menkaure
  4896 | D:6      | Reached skill level 13 in Maces & Flails
  5478 | D:6      | Found a faded altar of an unknown god.
  5478 | D:6      | Found a faded altar of an unknown god.
  5484 | D:6      | Found a faded altar of an unknown god.
  5486 | D:6      | Found a faded altar of an unknown god.
  5488 | D:6      | Found a snail-covered altar of Cheibriados.
  6310 | D:7      | Reached skill level 14 in Maces & Flails
  6351 | D:7      | Reached XP level 10. HP: 77/77 MP: 10/10
  6581 | D:7      | Found a deep blue altar of Sif Muna.
  6829 | D:7      | Found a bloodstained altar of Trog.
  7022 | D:7      | Found an ancient bone altar of Kikubaaqudgha.
  7247 | D:7      | Found a shimmering altar of Xom.
  7446 | D:7      | Reached **** piety under Trog
  7698 | D:8      | Noticed a hill giant
  7704 | D:8      | Killed a hill giant
  7704 | D:8      | Reached skill level 15 in Maces & Flails
  7726 | D:8      | Slain by an orc warrior

Skill      XL: |  1  2  3  4  5  6  7  8  9 10 |
---------------+-------------------------------+-----
Maces & Flails | 4 5 7 8 9 12 14 15 | 15.1
Fighting       | |  3.2
Dodging        | |  2.6

Action                   |  1- 3 |  4- 6 |  7- 9 | 10-12 || total
-------------------------+-------+-------+-------+-------++-------
Melee: Mace              |   118 |    17 |   145 |       ||   280
       Tailslap          |    14 |     9 |    47 |    20 ||    90
       Whip              |       |    33 |    76 |       ||   109
       Flail             |       |    18 |    70 |   129 ||   217
Invok: Berserk           |       |     3 |     7 |     3 ||    13
       Trog's Hand       |       |     1 |     3 |     2 ||     6
       Burn Spellbooks   |       |       |       |     1 ||     1
  Use: Potion            |     3 |     3 |     7 |       ||    13
       Scroll            |     4 |       |     6 |     2 ||    12
 Stab: Invisible         |       |       |     1 |       ||     1
       Sleeping          |       |       |     1 |     1 ||     2
  Eat: Chunk             |     2 |     5 |    17 |     7 ||    31
       Bread ration      |       |       |     1 |       ||     1
Armor: Skin              |    45 |    21 |    68 |    31 ||   165
Dodge: Dodged            |    58 |    57 |   129 |    65 ||   309
